 Dungeon Sprint DCSS version 0.28-a0-909-g796cbd3a86 (webtiles) character file.

Game seed: 14196805349852693031

5061 Turgor the Severer (level 10, -2/105 HPs)
             Began as a Minotaur Berserker on Nov 24, 2021.
             Was an Elder of Trog.
             Slain by a two-headed ogre (29 damage)
             ... summoned by the player character
             ... in the Dungeon (Sprint II: "The Violet Keep of Menkaure").
             The game lasted 00:20:55 (1036 turns).

Turgor the Severer (Minotaur Berserker)             Turns: 1036, Time: 00:20:55

Health: -2/105     AC: 30    Str: 31    XL:     10   Next: 31%
Magic:  9/9        EV: 10    Int: 12    God:    Trog [****..]
Gold:   155        SH:  0    Dex: 10    Spells: 9/9 levels left

rFire   + . .      SeeInvis +   j - +5 broad axe (distort)
rCold   + . .      Faith    .   (no shield)
rNeg    . . .      Spirit   .   i - +13 chain mail of the Hidden Vale {rF+ Will+ Int+4}
rPois   .          Reflect  .   (helmet restricted)
rElec   .          Harm     .   (no cloak)
rCorr   .          Rampage  .   b - +2 pair of gloves "Tamuestaim" {rC+ Int+4}
Will    +++..      NoTele   +   (no boots)
Stlth   ..........              q - amulet of regeneration
HPRegen 2.27/turn               v - +6 ring of strength
MPRegen 0.11/turn               o - ring of see invisible

@: strong-willed, on berserk cooldown, regenerating, slowed, very slow
A: horns 2, retaliatory headbutt
a: Renounce Religion, Berserk, Trog's Hand, Brothers in Arms


You were in the Dungeon.
You worshipped Trog.
Trog was greatly pleased with you.
You visited 1 branch You collected 1346 gold pieces.
You spent 1191 gold pieces at shops.

Inventory:

Hand Weapons
 j - a +5 broad axe of distortion (weapon)
 y - a +7 antimagic executioner's axe
Armour
 b - the +2 pair of gloves "Tamuestaim" (worn) {rC+ Int+4}
   (You bought it in a shop in the Dungeon)

   Int:       It affects your intelligence (+4).
   rC:        It protects you from cold.
 i - the +13 chain mail of the Hidden Vale (worn) {rF+ Will+ Int+4}
   (You bought it in a shop in the Dungeon)

   Int:       It affects your intelligence (+4).
   rF:        It protects you from fire.
   Will:      It increases your willpower.
Jewellery
 n - a ring of protection from cold
 o - a ring of see invisible (right hand)
 p - a ring of ice
 q - an amulet of regeneration (around neck)
 v - a +6 ring of strength (left hand)
Scrolls
 h - a scroll of blinking
 r - a scroll of amnesia {unknown}
 s - a scroll of torment {unknown}
 u - a scroll of summoning
 w - 2 scrolls of fear
Potions
 d - a potion of heal wounds
 e - a potion of haste
 f - 5 potions of magic
 g - 2 potions of berserk rage
 k - 2 potions of cancellation
 l - 2 potions of attraction
 m - 4 potions of resistance
 t - a potion of might
 x - 2 potions of flight
 z - a potion of mutation


   Skills:
 + Level 15.1 Fighting
 * Level 20.4 Axes
 + Level 14.8 Armour
 - Level 2.1 Dodging


You had 9 spell levels left.
You didn't know any spells.
Your spell library was empty.

Dungeon Overview and Level Annotations

Branches:
Dungeon (1/1)

Altars:
Cheibriados
Dithmenos
Elyvilon
Fedhas
Gozag
Hepliaklqana
Kikubaaqudgha
Makhleb
Nemelex Xobeh
Okawaru
Qazlal
Ru
Sif Muna
Trog
Uskayaw
Vehumet
Wu Jian
Xom
Yredelemnul
Zin
The Shining One
Beogh
Jiyva
Lugonu

Shops:
D ?::!=[*:([([=[!

Annotations:
D exclusions: oklob plant and orange crystal statue


Innate Abilities, Weirdness & Mutations

You have a pair of horns on your head.
You reflexively headbutt those who attack you in melee.


Message History

You slice the death drake!!
Space warps around the death drake.
The death drake is almost dead.
You feel very sick.
You fail to use your ability.
You feel very sick. The death drake bites you.
The swamp drake bites you but does no damage.
The death drake barely misses you.
Your two-headed ogre goes berserk!
Trog will no longer gift you weapons.
You feel sick. The death drake bites you.
The swamp drake breathes poison at you. The noxious blast misses you.
The death drake breathes miasma at you. The foul vapour engulfs you!
You are more poisoned.
The swamp drake bites you but does no damage.
You slash the death drake!
You kill the death drake!
Trog accepts your kill.
You hit the swamp drake.
Space warps around the swamp drake.
You are engulfed in noxious fumes.
You choke on the stench!
You are confused.
You feel very sick.
Your two-headed ogre is engulfed in noxious fumes.
Your two-headed ogre appears confused.
The swamp drake bites you but does no damage.
Your Fighting skill increases to level 15!
You are engulfed in noxious fumes.
You choke on the stench!
You are more confused.
You feel very sick.
Your two-headed ogre is engulfed in noxious fumes. x2
Your two-headed ogre hits you with a +0 giant club!!
* * * LOW HITPOINT WARNING * * *
Your two-headed ogre barely misses you.
The swamp drake bites you but does no damage.
Are you sure you want to stumble around while confused and next to your two-headed ogre?
Okay, then.
Unknown command.
You feel better.
Your two-headed ogre hits you with a +0 giant club!!
You die...

§§§≈##≈...###,#.○.▓▓▓▓▓▓▓▓▓▓*****
§§≈**e≈.....#*#...▓§§≈§§≈≈≈▓▓*^,,
+++##**#...^#,*#))▓▓▓▓▓▓▓▓▓▓▓*+**
....#,,+.^..#,,#°○▓.(..().)▓▓,,,*
##..#,,####^#,9#}}▓.(.([.((▓▓,⌠,*
.##.####..'.##.#)=▓[....[.[▓▓,,,*
).#....#..#..k####▓.:..(...▓▓,,,*
.####..#####..##.#▓([..[.:.▓▓,,,*
###.##..#..'..#O@#▓).([.(.)▓▓,,,*
##.#.#..#..#.^#.k#▓)...(..[▓▓,⌠,*
.'###'..####.°##.#▓(:.:....▓▓,,,*
##.#.#....###k..##▓▓▓▓▓▓▓'▓▓▓▓+▓*
###.##...§..≈≈)≈°°≈≈≈≈≈≈†...≈≈≈▓,
.####≈≈..§.§≈#'########§###.≈≈≈▓,
..#≈≈≈≈≈≈§§§§#.._.....#≈≈§##≈≈≈▓,
.##≈≈≈≈§§§§.§#._._....#≈§§§####▓*
##≈≈≈≈§≈≈≈§≈≈#_._._...#≈≈§≈≈#*,,*


You could see a swamp drake (ally target) and a friendly two-headed ogre
(summoned, berserk, confused).

Vanquished Creatures
  A death drake (D)
  A merfolk siren (D)
  2 unseen horrors (D)
  A yaktaur (D)
  A hornet (D)
  3 polar bears (D)
  2 wyverns (D)
  4 water moccasins (D)
  4 necrophages (D)
  A scorpion (D)
  3 worms (D)
23 creatures vanquished.

Vanquished Creatures (others)
  Menkaure (D)
  A water moccasin (D)
  7 tentacles (D)
9 creatures vanquished.

Grand Total: 32 creatures vanquished

Notes
Turn   | Place    | Note
-------+----------+-------------------------------------------
     0 | D        | Turgor the Minotaur Berserker began the quest for the Orb.
     0 | D        | Reached XP level 1. HP: 19/19 MP: 0/0
     1 | D        | Noticed a necrophage
     1 | D        | Noticed a necrophage
     1 | D        | Noticed a necrophage
     1 | D        | Noticed a necrophage
     5 | D        | Killed a necrophage
     6 | D        | Reached skill level 8 in Axes
     6 | D        | Reached skill level 5 in Armour
     6 | D        | Reached XP level 2. HP: 30/30 MP: 1/1
     6 | D        | Reached XP level 3. HP: 37/37 MP: 2/2
     6 | D        | Reached XP level 4. HP: 44/44 MP: 3/3
     9 | D        | Killed a necrophage
    10 | D        | Reached skill level 9 in Axes
    10 | D        | Reached XP level 5. HP: 52/52 MP: 4/4
    11 | D        | Killed a necrophage
    11 | D        | Reached ** piety under Trog
    12 | D        | Reached skill level 11 in Axes
    15 | D        | Killed a necrophage
    16 | D        | Reached XP level 6. HP: 62/62 MP: 5/5
    52 | D        | Killed a water moccasin
    72 | D        | Noticed a merfolk siren
    83 | D        | Killed a merfolk siren
    84 | D        | Reached skill level 10 in Fighting
    84 | D        | Reached skill level 13 in Axes
    84 | D        | Reached XP level 7. HP: 56/73 MP: 6/6
    99 | D        | Killed Menkaure
   238 | D        | Noticed a wyvern
   238 | D        | Noticed a wyvern
   244 | D        | Killed a wyvern
   244 | D        | Reached *** piety under Trog
   245 | D        | Reached skill level 14 in Axes
   245 | D        | Reached skill level 10 in Armour
   247 | D        | Killed a wyvern
   298 | D        | Reached **** piety under Trog
   335 | D        | Found Ezajujof's Distillery.
   335 | D        | Found Vuofis's Antique Armour Boutique.
   335 | D        | Found Qoivainn's Antique Armour Boutique.
   335 | D        | Found Aduzxone's Antique Weapon Shop.
   336 | D        | Found Sacliuvo's Antique Armour Shop.
   336 | D        | Found Xeboorphu's Weapon Boutique.
   336 | D        | Found Zorodd's Book Shop.
   337 | D        | Found Muusut's Antique Armour Boutique.
   337 | D        | Found Mueff's Jewellery Shop.
   338 | D        | Found Ethresch's Jewellery Shop.
   338 | D        | Found Haoppif's General Store.
   338 | D        | Noticed a wyvern
   338 | D        | Noticed a wyvern
   339 | D        | Found Xuidem's Distillery.
   339 | D        | Found Izob's Book Shop.
   339 | D        | Noticed an oklob plant
   339 | D        | Noticed a cane toad
   340 | D        | Found Qifuiz's Book Shoppe.
   340 | D        | Found Utimav's Magic Scroll Boutique.
   344 | D        | Noticed a cane toad
   350 | D        | Reached skill level 15 in Axes
   350 | D        | Reached XP level 8. HP: 64/82 MP: 7/7
   354 | D        | Noticed an iron elemental
   374 | D        | Bought an ancient chain mail for 171 gold pieces
   374 | D        | Identified the +13 chain mail of the Hidden Vale {rF+ Will+
                  | Int+4} (You bought it in a shop in the Dungeon)
   387 | D        | Bought a pair of heavily runed gloves for 228 gold pieces
   387 | D        | Identified the +2 pair of gloves "Tamuestaim" {rC+ Int+4}
                  | (You bought it in a shop in the Dungeon)
   396 | D        | Bought a scroll of acquirement for 572 gold pieces
   396 | D        | Acquired a +5 broad axe of distortion
   441 | D        | Found a stormy altar of Qazlal.
   442 | D        | Found a hazy altar of Hepliaklqana.
   442 | D        | Found a sacrificial altar of Ru.
   442 | D        | Found an ornate altar of the Wu Jian Council.
   443 | D        | Found a viscous altar of Jiyva.
   443 | D        | Found a shimmering blue altar of Sif Muna.
   444 | D        | Found a snail-covered altar of Cheibriados.
   444 | D        | Found an ancient bone altar of Kikubaaqudgha.
   444 | D        | Found a shimmering altar of Xom.
   444 | D        | Found a bloodstained altar of Trog.
   445 | D        | Found a shadowy altar of Dithmenos.
   445 | D        | Found a corrupted altar of Lugonu.
   446 | D        | Found a white marble altar of Elyvilon.
   446 | D        | Found a burning altar of Makhleb.
   447 | D        | Found a blossoming altar of Fedhas.
   449 | D        | Found an opulent altar of Gozag.
   449 | D        | Found a glowing golden altar of the Shining One.
   449 | D        | Found a basalt altar of Yredelemnul.
   449 | D        | Found a hide-covered altar of Uskayaw.
   449 | D        | Found a sparkling altar of Nemelex Xobeh.
   449 | D        | Noticed a hornet
   449 | D        | Noticed a polar bear
   449 | D        | Noticed a polar bear
   450 | D        | Noticed a yaktaur
   453 | D        | Banished a polar bear
   459 | D        | Killed a hornet
   460 | D        | Reached skill level 16 in Axes
   460 | D        | Found a glowing silver altar of Zin.
   460 | D        | Found a radiant altar of Vehumet.
   460 | D        | Found an iron altar of Okawaru.
   463 | D        | Killed a yaktaur
   464 | D        | Killed a polar bear
   465 | D        | Reached skill level 17 in Axes
   465 | D        | Reached XP level 9. HP: 92/92 MP: 8/8
   496 | D        | Noticed a polar bear
   499 | D        | Banished a polar bear
   509 | D        | Killed an unseen horror
   517 | D        | Killed an unseen horror
   517 | D        | Reached ***** piety under Trog
   518 | D        | Reached skill level 18 in Axes
   528 | D        | Noticed a polar bear
   528 | D        | Noticed a polar bear
   532 | D        | Killed a polar bear
   534 | D        | Killed a polar bear
   545 | D        | Noticed a deep elf master archer
   564 | D        | Noticed a kraken
   743 | D        | Banished a kraken
   744 | D        | Reached skill level 19 in Axes
   744 | D        | Reached XP level 10. HP: 104/104 MP: 9/9
   864 | D        | Received a gift from Trog
   865 | D        | Reached skill level 20 in Axes
   943 | D        | Bought a scroll of identify for 20 gold pieces
   950 | D        | Bought a scroll of identify for 20 gold pieces
   973 | D        | Bought a scroll of fear for 38 gold pieces
   973 | D        | Bought a scroll of magic mapping for 38 gold pieces
   973 | D        | Bought a scroll of summoning for 104 gold pieces
   993 | D        | Noticed an orange crystal statue
  1012 | D        | Noticed a crystal guardian
  1018 | D        | Noticed a death drake
  1034 | D        | Killed a death drake
  1035 | D        | Reached skill level 15 in Fighting
  1036 | D        | Slain by a two-headed ogre

Illustrated notes

Levels and vault maps discovered:
D:        the_violet_keep_of_menkaure [sprint2_stairs_cluster_1,
          sprint2_shoproom, sprint2_temple, sprint2_basic_supplies,
          sprint2_obstacle_4, sprint2_obstacle_1, sprint2_obstacle_5,
          sprint2_obstacle_2, sprint2_obstacle_3, sprint2_timed_cluster_1,
          sprint2_smallroom_cluster_1, sprint2_smallroom_final_cluster_1,
          sprint2_transparent_cluster_1, sprint2_second_timed_cluster_1,
          sprint2_sniper_area_1, sprint2_heavy_combat_area_1,
          sprint2_mutation_trap_area_1, sprint2_forest_area_1,
          sprint2_light_combat_area_1, sprint2_behind_water_1,
          sprint2_near_end_vault_1]

Skill      XL: |  1  2  3  4  5  6  7  8  9 10 |
---------------+-------------------------------+-----
Fighting       | 6 7 8 10 11 12 14 15 | 15.1
Axes           | 8 9 11 13 15 17 19 20 | 20.4
Armour         | 5 6 8 9 10 12 14 | 14.8
Dodging        | |  2.1

Action                   |  1- 3 |  4- 6 |  7- 9 | 10-12 || total
-------------------------+-------+-------+-------+-------++-------
Melee: Hand axe          |     3 |    17 |    17 |       ||    37
       Headbutt          |     2 |     2 |    11 |     5 ||    20
       Broad axe         |       |       |    32 |    15 ||    47
Invok: Berserk           |     1 |     1 |     4 |     2 ||     8
       Trog's Hand       |       |       |     3 |     1 ||     4
       Brothers in Arms  |       |       |       |     1 ||     1
  Use: Scroll            |       |       |     1 |     6 ||     7
       Potion            |       |       |       |     4 ||     4
Armor: Chain mail        |       |       |    40 |    11 ||    51
Dodge: Dodged            |       |     6 |    17 |    11 ||    34

Table legend: (Time is in decaauts)
 A = Elapsed time spent in this place.
 B = Non-inter-level travel time spent in this place.
 C = Inter-level travel time spent in this place.
 D = Time resting spent in this place.
 E = Time spent auto-exploring this place.
 F = Levels seen in this place.
 G = Mean time per level.
                   A        B        C        D        E       F      G
               +--------+--------+--------+--------+--------+-----+--------+
         Total |   1121 |   1111 |     10 |    472 |      0 |   1 | 1121.0 |
       Dungeon |   1121 |   1111 |     10 |    472 |      0 |   1 | 1121.0 |
               +--------+--------+--------+--------+--------+-----+--------+

Top non-repeatable levels by time:
       D: 1121 daAuts
